 Dungeon Crawl Stone Soup version 0.22-a0-301-gf0fe05c (webtiles) character file.

46 vishdafish the Charmwright (level 3, -4/30 HPs)
             Began as a Draconian Skald on Mar 26, 2018.
             Slain by an orc
             ... wielding a +0 trident
              (11 damage)
             ... on level 2 of the Dungeon.
             The game lasted 00:01:46 (1082 turns).

vishdafish the Charmwright (Draconian Skald)        Turns: 1082, Time: 00:01:47

Health: -4/30      AC:  5    Str: 13    XL:     3   Next: 46%
Magic:  6/6        EV: 12    Int: 14    God:
Gold:   23         SH:  0    Dex: 10    Spells: 5/6 levels left

rFire    . . .     SeeInvis .   a - +0 falchion
rCold    . . .     Gourm    .   (no shield)
rNeg     . . .     Faith    .   (armour unavailable)
rPois    .         Spirit   .   (helmet restricted)
rElec    .         Reflect  .   (no cloak)
rCorr    .         Harm     .   (no gloves)
MR       +....                  (no boots)
Stlth    +.........             (no amulet)
HPRegen  0.10/turn              g - ring of protection from magic
MPRegen  0.10/turn              (no ring)

@: hasted, very quick
A: unfitting armour, cold-blooded, AC +5
a: no special abilities


You were on level 2 of the Dungeon.
You were hungry.

You visited 1 branch of the dungeon, and saw 2 of its levels.

You collected 23 gold pieces.

Inventory:

Hand Weapons
 a - a +0 falchion (weapon)
Jewellery
 g - a ring of protection from magic (left hand)
Scrolls
 h - a scroll of remove curse {unknown}
Potions
 d - a potion of haste
 e - a potion of agility {unknown}
 f - a potion of lignification {unknown}
Comestibles
 c - a ration


   Skills:
 + Level 2.8 Fighting
 + Level 2.5 Long Blades
 + Level 2.6 Dodging
 - Level 2.0 Spellcasting
 + Level 3.1 Charms


You had 5 spell levels left.
You knew the following spells:

 Your Spells              Type           Power        Failure   Level  Hunger
a - Infusion              Chrm           ##..         7%          1    ##.....


Dungeon Overview and Level Annotations

Branches:
Dungeon (2/15)

Altars:


Innate Abilities, Weirdness & Mutations

Your plain brown scales are hard. (AC +5)
You cannot fit into any form of body armour.
You are cold-blooded and may be slowed by cold attacks.


Message History

The orc hits you from afar with a trident.
You hear some strange, mumbled words.
A puff of flame appears from out of thin air!
The puff of flame hits you!
You closely miss something. The orc barely misses you. Something hits you.
The orc barely misses you.
It was a potion of haste.
You feel yourself speed up. Something hits you.
You hit something. The orc misses you. Something hits you but does no damage.
You closely miss something. The orc hits you but does no damage.
Something hits you.
* * * LOW HITPOINT WARNING * * *
You closely miss something. Something hits you but does no damage.
The orc barely misses you.
You miss something. You closely miss something.
Something hits you but does no damage. The orc barely misses you.
You closely miss something. Something hits you.
* * * LOW HITPOINT WARNING * * *
The orc hits you from afar with a trident!
You die...

#.# #.#######.#
#.#######.........#
#......#########..#
######....###
##..#########
#.......#
#...†...wo...
#.#.#.#.#
#.......oo...
##.#[#.##
#.(##########
###.#...#.###o.#
.....#†#...@{ow#
###.#.#.#.###o##
#.......# #.#
##.†#.#####.# #####
#†.........#
##...######...####.#
##.................#
##...######...######
###.## ##.##


You could see a worm and 3 orcs.

Vanquished Creatures
  An adder (D:2)
  An ooze (D:1)
  A worm (D:2)
  A dart slug (D:1)
  An orc (D:2)
  A ball python (D:1)
  3 bats
  3 goblins (D:1)
  4 hobgoblins (D:1)
  2 jackals (D:1)
  5 kobolds (D:1)
  A frilled lizard (D:2)
  4 rats
28 creatures vanquished.

Notes
Turn   | Place    | Note
-------+----------+-------------------------------------------
     0 | D:1      | vishdafish the Draconian Skald began the quest for the Orb.
     0 | D:1      | Reached XP level 1. HP: 17/17 MP: 3/3
    33 | D:1      | Reached XP level 2. HP: 19/25 MP: 5/5
   255 | D:1      | Reached skill level 3 in Charms
   813 | D:1      | Reached XP level 3. HP: 30/30 MP: 6/6
  1082 | D:2      | Slain by an orc

Vault maps used:
D:1:      roderic_octagonal_star
D:2:      minmay_tiny_reverse_x

Skill      XL: |  1  2 |
---------------+-------+-----
Charms         | 3 |  3.1
Fighting       | |  2.8
Long Blades    | |  2.5
Dodging        | |  2.6
Spellcasting   | |  2.0

Action                   || total
-------------------------++-------
Melee: Falchion          ||   104
       Tailslap          ||    11
  Use: Potion            ||     2
Armor: Skin              ||    30
Dodge: Dodged            ||    74
       Rpst.: Falchion   ||    16

Table legend:
 A = Spawn XP
 B = Non-spawn XP
 C = Spawn XP percentage of total XP
 D = Spawn monster count
 E = Non-spawn monster count
 F = Spawn count percentage of total count
 G = Total turns spent on level
                    A         B        C        D         E        F      G
               +---------+---------+-------+---------+---------+-------+---------
         Total |       0 |      67 |   0.0 |       0 |      28 |   0.0 |  1082
               +---------+---------+-------+---------+---------+-------+---------
           D:1 |       0 |      42 |   0.0 |       0 |      21 |   0.0 |   845
           D:2 |       0 |      25 |   0.0 |       0 |       7 |   0.0 |   237
               +---------+---------+-------+---------+---------+-------+---------
